 Dungeon Crawl Stone Soup version 0.26-a0-612-gd4d190f45e (webtiles) character file.

Game seed: 15319255840913374651

102 DogServant the Ducker (level 4, 22/22 HPs)
             Began as a Spriggan Arcane Marksman on Sept 10, 2020.
             Quit the game on level 1 of the Dungeon.
             The game lasted 00:10:14 (3257 turns).

DogServant the Ducker (Spriggan Arcane Marksman)    Turns: 3257, Time: 00:10:15

Health: 22/22      AC:  2    Str:  5 (7)  XL:     4   Next: 49%
Magic:  7/7        EV: 19    Int: 12 (14) God:
Gold:   62         SH:  0    Dex: 14 (16) Spells: 3/6 levels left

rFire    . . .     SeeInvis +   k - +0 dagger
rCold    . . .     Faith    .   (shield restricted)
rNeg     . . .     Spirit   .   e - +0 robe
rPois    .         Reflect  .   (helmet restricted)
rElec    .         Harm     .   (no cloak)
rCorr    .                      (gloves unavailable)
MR       .....                  (boots unavailable)
Stlth    ++........             (no amulet)
HPRegen  0.07/turn              (no ring)
MPRegen  0.10/turn              (no ring)

@: very quick
A: very small, unfitting armour, see invisible, speed 3
a: no special abilities


You were on level 1 of the Dungeon.
You visited 1 branch of the dungeon, and saw 2 of its levels.

You collected 62 gold pieces.

Inventory:

Hand Weapons
 a - a +0 hunting sling
 k - a +0 dagger (weapon)
Missiles
 b - 178 stones (quivered)
 d - 6 sling bullets
Armour
 e - a +0 robe (worn)
 n - a +0 helmet
Jewellery
 h - an uncursed ring of poison resistance {unknown}
 m - an uncursed ring of protection from cold
Scrolls
 c - a scroll of remove curse {unknown}
 f - a scroll of amnesia
 g - a scroll of fear {unknown}
 j - a scroll of enchant weapon {unknown}
 o - a scroll of noise {unknown}
Potions
 i - a potion of lignification
 l - a potion of might {unknown}


   Skills:
 + Level 1.5 Fighting
 * Level 4.0 Slings
 + Level 4.1 Dodging
 * Level 1.8 Stealth
 - Level 1.6 Spellcasting
 - Level 4.0 Hexes


You had 3 spell levels left.
You knew the following spells:

 Your Spells              Type           Power        Failure   Level
a - Corona                Hex            ##.....      5%          1
b - Slow                  Hex            ##......     8%          2

Your spell library contained the following spells:

 Spells                   Type           Power        Failure   Level
 Inner Flame              Hex/Fire       #.......     36%         3
 Portal Projectile        Hex/Tloc       #.....       36%         3
 Cause Fear               Hex            ##........   45%         4
 Leda's Liquefaction      Hex/Erth       #.........   77%         4


Dungeon Overview and Level Annotations

Branches:
Dungeon (2/15)

Altars:


Innate Abilities, Weirdness & Mutations

You are very small and have problems with some larger weapons.
You are too small for most types of armour.
You have supernaturally acute eyesight. (SInv)
You cover ground extremely quickly.


Message History

j - a scroll labeled FUOSUT HAOM A hobgoblin comes into view.
You closely miss the hobgoblin. The hobgoblin barely misses you.
You hit the hobgoblin but do no damage. The hobgoblin misses you.
You closely miss the hobgoblin. The hobgoblin completely misses you.
You closely miss the hobgoblin. The hobgoblin misses you.
You hit the hobgoblin but do no damage. The hobgoblin completely misses you.
You barely miss the hobgoblin. The hobgoblin misses you.
You barely miss the hobgoblin. The hobgoblin closely misses you.
You hit the hobgoblin.
The hobgoblin is severely wounded.
The hobgoblin barely misses you.
You hit the hobgoblin.
You kill the hobgoblin!
You see here a hobgoblin corpse.
You see here a spear.
Done exploring.
Done exploring.
Done exploring.
Are you sure you want to abandon this character and quit the game? (Confirm with "yes".)

## #############
#...........##
#............. ###
#..########.#.
##.###..#######....
#...............#..
##.###..####.##....
#@# #..####.###.#.
#.###..........>#.
#........#...##.#.
######............
#.......##...
#......###...
#.....## #.##
#.....# #.# #....##
#.#


There were no monsters in sight!

Vanquished Creatures
  Crazy Yiuf (D:2)
  Natasha (D:2)
  A worm (D:2)
  2 dart slugs (D:1)
  4 leopard geckos
  4 giant cockroaches
  2 goblins
  5 hobgoblins
  2 quokkas (D:2)
  5 bats (D:1)
  6 frilled lizards (D:2)
  A kobold (D:1)
  6 rats
40 creatures vanquished.

Vanquished Creatures (others)
  56 plants (D:2)
56 creatures vanquished.

Grand Total: 96 creatures vanquished

Notes
Turn   | Place    | Note
-------+----------+-------------------------------------------
     0 | D:1      | DogServant the Spriggan Arcane Marksman began the quest for
                  | the Orb.
     0 | D:1      | Reached XP level 1. HP: 9/9 MP: 3/3
   469 | D:1      | Reached XP level 2. HP: 14/14 MP: 5/5
   768 | D:1      | Learned a level 2 spell: Slow
   918 | D:1      | You fall into a shaft and drop 1 floor!
   977 | D:2      | Reached skill level 1 in Fighting
  1476 | D:2      | Found a runed translucent door.
  1477 | D:2      | Noticed Crazy Yiuf
  1489 | D:2      | Killed Crazy Yiuf
  1489 | D:2      | Reached XP level 3. HP: 15/18 MP: 6/6
  2306 | D:2      | Reached XP level 4. HP: 15/22 MP: 7/7
  2518 | D:2      | Noticed Natasha
  2871 | D:2      | Killed Natasha
  2871 | D:2      | Reached skill level 1 in Stealth
  3257 | D:1      | Quit the game

Illustrated notes

Levels and vault maps discovered:
D:1:      minmay_arrival_wavy_path, layout_loops_ring
D:2:      wad_woods_tower, layout_basic, lemuel_doored_altar,
          minmay_lizard_king, uniq_crazy_yiuf_cottage, uniq_natasha

Skill      XL: |  1  2  3  4 |
---------------+-------------+-----
Hexes          | 4 |  4.0
Fighting       | 1 |  1.5
Slings         | 3 4 |  4.0
Dodging        | 4 |  4.1
Stealth        | 1 |  1.8
Spellcasting   | |  1.6

Action                   |  1- 3 |  4- 6 || total
-------------------------+-------+-------++-------
Melee: Whip              |    52 |       ||    52
       Dagger            |    71 |    94 ||   165
 Fire: Hunting sling     |    41 |     8 ||    49
 Cast: Corona            |     9 |     2 ||    11
       Slow              |     5 |     4 ||     9
  Use: Scroll            |     4 |       ||     4
       Potion            |     1 |     4 ||     5
Armor: Robe              |    10 |    24 ||    34
       Skin              |       |    37 ||    37
Dodge: Dodged            |   126 |   131 ||   257

Table legend: (Time is in decaauts)
 A = Elapsed time spent in this place.
 B = Non-inter-level travel time spent in this place.
 C = Inter-level travel time spent in this place.
 D = Time resting spent in this place.
 E = Time spent auto-exploring this place.
 F = Levels seen in this place.
 G = Mean time per level.
                   A        B        C        D        E       F      G
               +--------+--------+--------+--------+--------+-----+--------+
         Total |   2792 |   2792 |      0 |    306 |   1906 |   2 | 1396.0 |
       Dungeon |   2792 |   2792 |      0 |    306 |   1906 |   2 | 1396.0 |
               +--------+--------+--------+--------+--------+-----+--------+

Top non-repeatable levels by time:
     D:2: 1496 daAuts
     D:1: 1295 daAuts
